 Dungeon Sprint DCSS version 0.20-a0-1075-gc475d56 (webtiles) character file.

12118 Dipster the Bludgeoner (level 11, -16/102 HPs)
             Began as a Troll Monk on Apr 30, 2017.
             Was the Champion of Makhleb.
             Demolished by a spriggan berserker
             ... wielding a +0 war axe
              (21 damage)
             ... in the Dungeon (Sprint V: "Ziggurat Sprint").
             The game lasted 00:10:03 (1318 turns).

Dipster the Bludgeoner (Troll Monk)                 Turns: 1318, Time: 00:10:04

Health: -16/102    AC: 25    Str: 28    XL:     11   Next: 58%
Magic:  17/17      EV:  7    Int:  8    God:    Makhleb [******]
Gold:   0          SH:  8    Dex: 12    Spells: 4/10 levels left

rFire    + + +     SeeInvis .   N - +7 great mace "Firestarter" {inner flame, rF++}
rCold    + . .     Gourm    +   (shield currently unavailable)
rNeg     . . .     Faith    .   j - +5 gold dragon scales
rPois    +         Spirit   .   (helmet restricted)
rElec    .         Reflect  +   (no cloak)
rCorr    .         Harm     .   (gloves unavailable)
MR       .....     NoTele   +   (boots unavailable)
Stlth    ..........             V - brooch of Shielding {Reflect SH+8}
Regen    0.7/turn               H - +6 ring of strength
MPRegen  0.2/turn               Z - +4 ring of evasion

@: grasped by roots, very slightly contaminated, very slow
A: unfitting armour, claws 3, fast metabolism 3, gourmand, regeneration 1,
shaggy fur 1, tough skin 2
a: Minor Destruction, Lesser Servant of Makhleb, Major Destruction, Greater
Servant of Makhleb, Renounce Religion


You were in the Dungeon.
You worshipped Makhleb.
Makhleb was exalted by your worship.
You were not hungry.

You visited 1 branch

Inventory:

Hand Weapons
 E - the +8 Wrath of Trog {antimagic, *Rage}
   (You found it in the Dungeon)

   It reduces the magical energy of the wielder, and disrupts the spells and
   magical abilities of those hit.
   Natural abilities and divine invocations are not affected.
   It may make you go berserk in combat.
 K - the +10 dark maul {crush}
   (You found it in the Dungeon)

   It inflicts extra damage upon your enemies.
 L - the +9 heavy crossbow "Sniper" {velocity, Acc+∞ SInv}
   (You found it in the Dungeon)

   Any bolt fired from it inflicts extra damage.
   It lets you see invisible.
 N - the +7 great mace "Firestarter" (weapon) {inner flame, rF++}
   (You found it in the Dungeon)

   It has been specially enchanted to burn those struck by it, causing extra
   injury to most foes and up to half again as much damage against particularly
   susceptible opponents.
   It greatly protects you from fire.
 O - the +8 lance "Wyrmbane" {slay drac, rPois rF+ rC+ AC+3}
   (You found it in the Dungeon)

   It affects your AC (+3).
   It protects you from fire.
   It protects you from cold.
   It protects you from poison.
 P - the +7 longbow "Piercer" {penet, EV-2}
   (You found it in the Dungeon)

   Ammo fired by it will pass through the targets it hits, potentially hitting
   all targets in its path until it reaches maximum range.
   It affects your evasion (-2).
 Q - the +6 shillelagh "Devastator" {shatter}
   (You found it in the Dungeon)
 T - the +3 mace "Meakirgh" {holy, rElec rPois Dex+5}
   (You found it in the Dungeon)

   It has been blessed by the Shining One to cause great damage to the undead
   and demons.
   It affects your dexterity (+5).
   It insulates you from electricity.
   It protects you from poison.
Armour
 j - +5 gold dragon scales (worn)
 M - the +18 shield of the Gong {rElec rN+ MR+ EV-5}
   (You found it in the Dungeon)

   It affects your evasion (-5).
   It insulates you from electricity.
   It protects you from negative energy.
   It affects your resistance to hostile enchantments.
Jewellery
 b - an uncursed amulet of rage
 D - the ring of Elyvilon's Whim {*Contam AC+5 Int+4 Stlth+}
   (You found it in the Dungeon)

   [ring of protection]

   It affects your AC (+5).
   It affects your intelligence (+4).
   It causes magical contamination when unequipped.
   It makes you more stealthy.
 H - a +6 ring of strength (left claw)
 I - a +6 ring of strength
 R - the ring "Fowkeh" {rF+ MP+9 Int+2 Dex-5 Stlth+}
   (You found it in the Dungeon)

   [ring of magical power]

   It affects your intelligence (+2).
   It affects your dexterity (-5).
   It protects you from fire.
   It affects your magic capacity (+9).
   It makes you more stealthy.
 S - the ring "Igigg" {rPois Stlth-}
   (You found it in the Dungeon)

   [ring of loudness]

   It protects you from poison.
   It makes you less stealthy.
 U - the ring of the Everdark {+Inv +Fly Str+4}
   (You found it in the Dungeon)

   [ring of flight]

   It affects your strength (+4).
   It lets you turn invisible.
   It lets you fly.
 V - the brooch of Shielding (around neck) {Reflect SH+8}
   (You found it in the Dungeon)

   [amulet of reflection]

   It shields you and reflects attacks.
   It affects your SH (+8).
 W - an uncursed ring of fire
 Z - a +4 ring of evasion (right claw)
Wands
 y - a wand of disintegration (7/24)
 A - a wand of iceblast (5/15)
 B - a wand of lightning (5/15)
 C - a wand of acid (5/15)
Scrolls
 i - 3 scrolls of blinking
 m - 4 scrolls of amnesia
 n - 3 scrolls of recharging
 o - 7 scrolls of fog
 p - a scroll of holy word
 q - 5 scrolls of identify
 r - 5 scrolls of remove curse
 s - 2 scrolls of fear
Potions
 d - 10 potions of curing
 e - 4 potions of heal wounds
 f - 6 potions of haste
 g - 7 potions of magic
 h - 3 potions of berserk rage
 t - 2 potions of brilliance
 u - 2 potions of invisibility
 v - 4 potions of resistance
 x - 5 potions of agility
 z - 4 potions of might
Books
 a - Toly's Volume of the Birds
   (You found it in the Dungeon)

   Spells                             Type                      Level
   a - Poisonous Vapours              Poison/Air                   2
   b - Mephitic Cloud                 Conjuration/Poison/Air       3
   c - Airstrike                      Air                          4
   d - Summon Lightning Spire         Summoning/Air                4
   e - Deflect Missiles               Charms/Air                   6
Miscellaneous
 J - a lightning rod (4/4)
 X - a sack of spiders
 Y - a phantom mirror
Comestibles
 c - 5 bread rations
 k - 42 fruits
 l - 4 meat rations
 w - 3 royal jellies


   Skills:
 - Level 5.0 Fighting
 + Level 15.1 Maces & Flails
 + Level 9.3 Armour
 + Level 9.7 Dodging
 - Level 1.0 Stealth
 + Level 9.2 Shields
 * Level 9.4 Invocations
 * Level 7.9 Evocations


You had 4 spell levels left.
You knew the following spells:

 Your Spells              Type           Power        Failure   Level  Hunger
a - Summon Butterflies    Summ           #.......     100%        1    ##.....
b - Mephitic Cloud        Conj/Pois/Air  #.......     100%        3    ####...
c - Poisonous Vapours     Pois/Air       #.....       100%        2    ###....


Dungeon Overview and Level Annotations

Branches:
Dungeon (1/1)

Altars:
Ashenzari
Cheibriados
Dithmenos
Elyvilon
Fedhas
Gozag
Hepliaklqana
Kikubaaqudgha
Makhleb
Nemelex Xobeh
Okawaru
Qazlal
Ru
Sif Muna
Trog
Uskayaw
Vehumet
Wu Jian
Xom
Yredelemnul
Zin
The Shining One
Beogh
Jiyva
Lugonu

Annotations:
D exclusion: oklob plant


Innate Abilities, Weirdness & Mutations

You are too large for most types of armour.
You have claws for hands.
Your metabolism is lightning-fast.
You like to eat raw meat.
Your natural rate of healing is unusually fast.
You are covered in fur. (AC +1)
You have very tough skin. (AC +2)


Message History

The spriggan berserker hits you with a war axe!!
* * * LOW HITPOINT WARNING * * *
The thorn hunter gestures.
The spriggan air mage waves its arms in wide circles.
The air twists around and strikes you!
* * * LOW HITPOINT WARNING * * *
You feel much better.
The spriggan berserker hits you but does no damage.
You thump the spriggan berserker! You burn the spriggan berserker.
The spriggan berserker is almost dead.
A root reaches out and grasps at passing movement.
The spriggan berserker hits you with a war axe!!
* * * LOW HITPOINT WARNING * * *
The thorn hunter gestures.
You feel much better.
The spriggan berserker hits you with a war axe!
* * * LOW HITPOINT WARNING * * *
The spriggan druid calls out to the beasts of the wild!
The spriggan berserker hits you with a war axe!!
You die...

[f|f}k.b▓...8©8
▓...........▓....|)
▓........b..▓...[)}
▓...........▓......
▓..........i▓......
▓. ▓.....▓.k▓......
▓.▓▓▓.i.▓▓▓.▓......
▓..▓fk...▓..▓.▓....
▓.@ifi......▓......
▓▓▓▓▓▓▓▓▓▓▓▓▓▓▓▓▓▓▓
▓...8©8...▓...8©8..
▓=...|[.).▓..|)||..
▓..||:=}..▓..:).[).
▓.........▓....)...
▓.........▓........
▓.........▓........
▓.........▓..))))..


You could see a thorn hunter, a shambling mangrove, a wind drake, a spriggan
berserker (berserk), a spriggan air mage and a spriggan druid.

Vanquished Creatures
  A great orb of eyes (D)
  A dancing weapon (D)
  A deep elf archer (D)
  A glowing orange brain (D)
  An orc knight (D)
  3 deep elf magi (D)
  2 wolf spiders (D)
  An orc sorcerer (D)
  2 black mambas (D)
  A komodo dragon (D)
  6 jumping spiders (D)
  3 slime creatures (D)
  A redback (D)
  A tarantella (D)
  A spriggan (D)
  A water elemental (D)
  A yak (D)
  A fire elemental (D)
  2 golden eyes (D)
  2 wargs (D)
  2 hell hounds (D)
  A floating eye (D)
  4 orc warriors (D)
  4 black bears (D)
  An eye of draining (D)
  3 wolves (D)
  2 earth elementals (D)
  4 scorpions (D)
  5 jellies (D)
  2 quasits (D)
  An iron imp (D)
  An orc priest (D)
  An iguana (D)
  A river rat (D)
  A shadow imp (D)
  A white imp (D)
  4 oozes (D)
  A giant cockroach zombie (D)
  A leopard gecko zombie (D)
73 creatures vanquished.

Vanquished Creatures (collateral kills)
  An eye of devastation (D)
1 creature vanquished.

Vanquished Creatures (others)
  A deep elf archer (D)
  An orc warrior (D)
2 creatures vanquished.

Grand Total: 76 creatures vanquished

Notes
Turn   | Place    | Note
-------+----------+-------------------------------------------
     0 | D        | Dipster the Troll Monk began the quest for the Orb.
     0 | D        | Reached XP level 1. HP: 22/22 MP: 0/0
     3 | D        | Found a blossoming altar of Fedhas.
     4 | D        | Found a viscous altar of Jiyva.
     4 | D        | Found a hazy altar of Hepliaklqana.
     4 | D        | Found an opulent altar of Gozag.
     4 | D        | Found an ancient bone altar of Kikubaaqudgha.
     4 | D        | Found a corrupted altar of Lugonu.
     7 | D        | Found a burning altar of Makhleb.
     8 | D        | Found a sacrificial altar of Ru.
     8 | D        | Found a stormy altar of Qazlal.
     8 | D        | Found a deep blue altar of Sif Muna.
     8 | D        | Found an iron altar of Okawaru.
     8 | D        | Found a bloodstained altar of Trog.
     8 | D        | Found a sparkling altar of Nemelex Xobeh.
    36 | D        | Became a worshipper of Makhleb the Destroyer
    36 | D        | Reached * piety under Makhleb
    36 | D        | Reached ** piety under Makhleb
    55 | D        | Entered arena 2.
    58 | D        | Reached skill level 5 in Fighting
    58 | D        | Reached skill level 5 in Maces & Flails
    58 | D        | Reached XP level 2. HP: 30/35 MP: 1/1
   285 | D        | Entered arena 3.
   285 | D        | Noticed a hell hound
   285 | D        | Noticed a fire elemental
   285 | D        | Noticed a hell hound
   290 | D        | Killed a hell hound
   290 | D        | Reached skill level 8 in Maces & Flails
   290 | D        | Reached XP level 3. HP: 29/42 MP: 2/2
   290 | D        | Reached XP level 4. HP: 35/50 MP: 3/3
   290 | D        | Killed a hell hound
   290 | D        | Reached *** piety under Makhleb
   290 | D        | Reached skill level 10 in Maces & Flails
   290 | D        | Reached XP level 5. HP: 50/57 MP: 4/4
   296 | D        | Killed a fire elemental
   296 | D        | Reached skill level 12 in Maces & Flails
   296 | D        | Reached XP level 6. HP: 37/66 MP: 5/5
   446 | D        | Entered arena 4.
   446 | D        | Noticed a floating eye
   450 | D        | Paralysed by a floating eye for 4 turns
   458 | D        | Reached **** piety under Makhleb
   458 | D        | Reached skill level 1 in Armour
   458 | D        | Reached skill level 1 in Shields
   458 | D        | Killed a floating eye
   458 | D        | Reached XP level 7. HP: 72/72 MP: 0/6
   468 | D        | Learned a level 1 spell: Summon Butterflies
   469 | D        | Entered arena 5.
   469 | D        | Noticed a golden eye
   469 | D        | Noticed a golden eye
   481 | D        | Killed a golden eye
   490 | D        | Killed a golden eye
   490 | D        | Reached ***** piety under Makhleb
   533 | D        | Entered arena 6.
   539 | D        | Reached skill level 5 in Dodging
   548 | D        | Entered arena 7.
   548 | D        | Noticed a spriggan
   555 | D        | Killed a spriggan
   555 | D        | Reached skill level 13 in Maces & Flails
   555 | D        | Reached XP level 8. HP: 80/80 MP: 7/7
   556 | D        | Reached ****** piety under Makhleb
   556 | D        | Reached skill level 5 in Armour
   556 | D        | Reached skill level 5 in Shields
   576 | D        | Got the ring "Igigg" {rPois Stlth-}
   581 | D        | Entered arena 8.
   581 | D        | Noticed a jumping spider
   581 | D        | Noticed a jumping spider
   581 | D        | Noticed a wolf spider
   581 | D        | Noticed a jumping spider
   595 | D        | Killed a wolf spider
   595 | D        | Reached XP level 9. HP: 88/88 MP: 8/8
   598 | D        | Killed a jumping spider
   598 | D        | Killed a jumping spider
   611 | D        | Killed a jumping spider
   611 | D        | Reached skill level 14 in Maces & Flails
   617 | D        | Got the +3 mace "Meakirgh" {holy, rElec rPois Dex+5}
   619 | D        | Got the ring of the Everdark {+Inv +Fly Str+4}
   622 | D        | Entered arena 9.
   622 | D        | Noticed a jumping spider
   622 | D        | Noticed a jumping spider
   622 | D        | Noticed a jumping spider
   626 | D        | Killed a jumping spider
   626 | D        | Reached skill level 1 in Invocations
   626 | D        | Reached skill level 1 in Evocations
   630 | D        | Killed a jumping spider
   631 | D        | Killed a jumping spider
   655 | D        | Entered arena 10.
   655 | D        | Noticed a black mamba
   655 | D        | Noticed a komodo dragon
   655 | D        | Noticed a black mamba
   665 | D        | Killed a black mamba
   665 | D        | Reached XP level 10. HP: 96/96 MP: 10/12
   666 | D        | Killed a black mamba
   668 | D        | Reached skill level 5 in Invocations
   768 | D        | Entered arena 11.
   768 | D        | Noticed a deep elf archer
   768 | D        | Noticed a deep elf archer
   768 | D        | Noticed a deep elf mage
   768 | D        | Noticed a deep elf mage
   768 | D        | Noticed a war axe of chopping
   768 | D        | Noticed a deep elf mage
   778 | D        | Killed a deep elf archer
   778 | D        | Killed a deep elf mage
   779 | D        | Reached skill level 5 in Evocations
   781 | D        | Killed a war axe of chopping
   788 | D        | Killed a deep elf mage
   791 | D        | Killed a deep elf mage
   802 | D        | Killed a deep elf archer
   802 | D        | Reached XP level 11. HP: 102/102 MP: 15/15
   823 | D        | Entered arena 12.
   823 | D        | Noticed an orc sorcerer
   824 | D        | Paralysed by an orc sorcerer for 3 turns
   825 | D        | Noticed an orc knight
   829 | D        | Noticed a sun demon
   834 | D        | Killed an orc sorcerer
   844 | D        | Killed an orc knight
   858 | D        | Identified Toly's Volume of the Birds (You found it in the Dungeon)
   862 | D        | Learned a level 3 spell: Mephitic Cloud
   862 | D        | Identified Toly's Volume of the Birds (You found it in the Dungeon)
   865 | D        | Learned a level 2 spell: Poisonous Vapours
   865 | D        | Identified Toly's Volume of the Birds (You found it in the Dungeon)
   870 | D        | Identified Toly's Volume of the Birds (You found it in the Dungeon)
   873 | D        | Identified Toly's Volume of the Birds (You found it in the Dungeon)
   876 | D        | Entered arena 13.
   876 | D        | Noticed a glowing orange brain
   883 | D        | Noticed a great orb of eyes
   887 | D        | Paralysed by a great orb of eyes for 2 turns
   905 | D        | Killed a glowing orange brain
   905 | D        | Reached skill level 15 in Maces & Flails
   919 | D        | Killed a great orb of eyes
   940 | D        | Got the ring "Fowkeh" {rF+ MP+9 Int+2 Dex-5 Stlth+}
   950 | D        | Got the ring of Elyvilon's Whim {*Contam AC+5 Int+4 Stlth+}
  1185 | D        | Entered arena 14.
  1291 | D        | Noticed a wolf spider
  1291 | D        | Noticed a shambling mangrove
  1291 | D        | Noticed a shambling mangrove
  1292 | D        | Noticed a thorn hunter
  1292 | D        | Noticed a spriggan berserker
  1292 | D        | Noticed a spriggan air mage
  1292 | D        | Noticed an oklob plant
  1296 | D        | Killed a wolf spider
  1300 | D        | Noticed a spriggan druid
  1317 | D        | HP: 5/102 [spriggan berserker/war axe (27)]
  1318 | D        | Demolished by a spriggan berserker

Vault maps used:
D:        sprint_v

Skill      XL: |  1  2  3  4  5  6  7  8  9 10 11 |
---------------+----------------------------------+-----
Fighting       | 5 |  5.0
Maces & Flails | 5 8 10 12 13 14 15 | 15.1
Armour         | 2 4 6 7 8 9 |  9.3
Dodging        | 3 5 6 8 9 |  9.7
Shields        | 2 4 6 7 8 9 |  9.2
Invocations    | 4 7 9 |  9.4
Evocations     | 3 6 7 |  7.9
Stealth        | |  1.0

Action                   |  1- 3 |  4- 6 |  7- 9 | 10-12 || total
-------------------------+-------+-------+-------+-------++-------
Melee: Great mace        |     2 |       |       |     3 ||     5
       Shillelagh        |     3 |    12 |    46 |    80 ||   141
Invok: Lesser Servant of |       |       |       |     1 ||     1
  Use: Potion            |     1 |       |       |     7 ||     8
       Scroll            |       |       |       |     1 ||     1
  Eat: Bread ration      |       |       |     1 |       ||     1
       Chunk             |       |       |       |     8 ||     8
Armor: Gold dragon scale |    13 |     5 |    28 |    13 ||    59
Dodge: Dodged            |       |     1 |       |     3 ||     4
Block: Shield            |       |       |    63 |    77 ||   140
       Reflection        |       |       |       |     7 ||     7
       Other             |       |       |       |     3 ||     3
